 Dungeon Crawl Stone Soup version 0.31-a0-538-gbc85326fa9 (webtiles) character file.

Game seed: 9051491099230248852

86 avis the Chopper (level 4, -2/40 HPs)
             Began as a Hill Orc Monk on Aug 13, 2023.
             Slain by a jelly (3 damage)
             ... on level 2 of the Dungeon.
             The game lasted 00:10:01 (2128 turns).

avis the Chopper (Hill Orc Monk)                    Turns: 2128, Time: 00:10:01

Health: -2/40      AC:  0    Str: 15    XL:     4   Next: 50%
Magic:  4/4        EV: 12    Int: 10    God:
Gold:   113        SH:  4    Dex: 13    Spells: 3/3 levels left

rFire   . . .        a - +0 hand axe
rCold   . . .        f - +0 buckler
rNeg    . . .        k - +0 robe
rPois   .            (no helmet)
rElec   .            (no cloak)
rCorr   +            (no gloves)
SInv    .            h - +0 pair of boots
Will    .....        (no amulet)
Stlth   +            j - ring of resist corrosion
HPRegen 0.26/turn    (no ring)
MPRegen 0.09/turn

%: no passive effects
@: corroded
A: no striking features
a: no special abilities


You were on level 2 of the Dungeon.
You visited 1 branch of the dungeon, and saw 2 of its levels.

You collected 113 gold pieces.

Inventory:

Hand Weapons
 a - a +0 hand axe (weapon)
 b - a +0 sling
 q - a +0 dagger of venom
 s - a +0 dagger of venom
Missiles
 o - 23 stones
Armour
 d - an orb of light
 f - a +0 buckler (worn)
 h - a +0 pair of boots (worn)
 k - a +0 robe (worn)
Jewellery
 j - a ring of resist corrosion (left hand)
Scrolls
 e - a scroll of noise {unknown}
 g - a scroll of immolation {unknown}
 l - 2 scrolls of teleportation {unknown}
 m - a scroll of revelation {unknown}
 p - a scroll of vulnerability {unknown}
 r - a scroll of acquirement {unknown}
Potions
 c - a potion of ambrosia
 i - a potion of magic {unknown}
 n - 2 potions of invisibility {unknown}
 t - a potion of haste {unknown}


   Skills:
 - Level 4.0 Fighting
 * Level 6.2 Axes
 - Level 1.0 Armour
 - Level 2.4 Dodging
 + Level 0.8 Shields


You had 3 spell levels left.
You didn't know any spells.
Your spell library was empty.

Dungeon Overview and Level Annotations

Branches:
Dungeon (2/15)

Altars:


Message History

You completely miss the kobold. The kobold barely misses you.
You barely miss the kobold. The kobold misses you.
You hit the kobold.
You kill the kobold!
You hit the jelly.
Your hands burn!
The jelly is lightly wounded.
The jelly hits you. The acid corrodes you!
You are splashed with acid.
You resist.
You hit the jelly.
Your hands burn!
The jelly is moderately wounded.
The jelly hits you.
You are splashed with acid.
You resist.
You hit the jelly.
Your hands burn!
The jelly is heavily wounded.
The jelly barely misses you.
You hit the jelly.
Your hands burn!
The jelly is severely wounded.
You block the jelly's attack. The jelly hits you.
You are splashed with acid.
You resist.
You hit the jelly.
Your hands burn!
* * * LOW HITPOINT WARNING * * *
The jelly is almost dead.
The jelly hits you.
* * * LOW HITPOINT WARNING * * *
You are splashed with acid.
You resist.
* * * LOW HITPOINT WARNING * * *
You hit the jelly but do no damage.
Your hands burn!
* * * LOW HITPOINT WARNING * * *
The jelly is almost dead.
The jelly misses you.
You hit the jelly but do no damage.
Your hands burn!
* * * LOW HITPOINT WARNING * * *
The jelly is almost dead.
The jelly hits you.
* * * LOW HITPOINT WARNING * * *
The acid corrodes you!
You are splashed with acid.
You resist.
* * * LOW HITPOINT WARNING * * *
You barely miss the jelly.
The jelly is almost dead.
The jelly hits you.
You die...

...# ######## #.## ...#
.##......###..# ...#
#.#.......##..# ...#
#.#........'..# ...#
#.#........'..# .#.#
#.#'#......'.## .#.#
#.#.#.....##.# .#.#
#J#.#....##### )#.#
#@####### ...# ### .###
############# .#
####<##........# .#
#..).##.######.#
.#######.#####.#....#.#
...............#.##.#.#
########.......).##.#.#
######.†.....#.#


You could see a jelly.

Vanquished Creatures
  2 adders
  A worm (D:2)
  A dart slug (D:1)
  7 bats
  4 endoplasms
  A giant cockroach (D:1)
  16 goblins
  A hobgoblin (D:1)
  11 kobolds
  6 ball pythons (D:1)
  2 frilled lizards (D:2)
  8 rats
60 creatures vanquished.

Notes
Turn   | Place    | Note
-------+----------+-------------------------------------------
     0 | D:1      | avis the Hill Orc Monk began the quest for the Orb.
     0 | D:1      | Reached XP level 1. HP: 19/19 MP: 1/1
   189 | D:1      | Reached XP level 2. HP: 10/27 MP: 2/2
   494 | D:1      | Reached skill level 5 in Axes
   647 | D:1      | Reached XP level 3. HP: 33/33 MP: 3/3
  1528 | D:2      | Reached skill level 1 in Armour
  1528 | D:2      | Reached XP level 4. HP: 31/40 MP: 4/4
  1655 | D:2      | Reached skill level 6 in Axes
  2127 | D:2      | HP: 1/40 [acid (3)]
  2128 | D:2      | Slain by a jelly

Illustrated notes

Levels and vault maps discovered:
D:1:      matt_arrival_refuge, layout_basic, minmay_misc_feat_rugged
D:2:      cheibrodos_fertilizer, layout_basic, serial_bayou_pond_e,
          minmay_pentomino_pile

Skill      XL: |  1  2  3  4 |
---------------+-------------+-----
Fighting       | 4 |  4.0
Axes           | 5 6 |  6.2
Armour         | 1 |  1.0
Dodging        | |  2.4
Shields        | |  0.8

Action                     |  1- 3 |  4- 6 || total
---------------------------+-------+-------++-------
  Melee: Hand axe          |   112 |    72 ||   184
   Fire: Sling             |    37 |    19 ||    56
   Stab: Sleeping          |     2 |       ||     2
 Armour: Robe              |    28 |    13 ||    41
  Dodge: Dodged            |    61 |    26 ||    87
  Block: Buckler           |    26 |    12 ||    38

Table legend: (Time is in decaauts)
 A = Elapsed time spent in this place.
 B = Non-inter-level travel time spent in this place.
 C = Inter-level travel time spent in this place.
 D = Time resting spent in this place.
 E = Time spent auto-exploring this place.
 F = Levels seen in this place.
 G = Mean time per level.
                   A        B        C        D        E       F      G
               +--------+--------+--------+--------+--------+-----+--------+
         Total |   2152 |   2014 |    138 |    422 |   1019 |   2 | 1076.0 |
       Dungeon |   2152 |   2014 |    138 |    422 |   1019 |   2 | 1076.0 |
               +--------+--------+--------+--------+--------+-----+--------+

Top non-repeatable levels by time:
     D:1: 1407 daAuts
     D:2: 744 daAuts
